 Dungeon Crawl Stone Soup version 0.30-a0-241-g1121274140 (webtiles) character file.

Game seed: 10533507140952323160

23 KennySheep the Insei (level 2, -1/22 HPs)
             Began as a Demigod Transmuter on Oct 10, 2022.
             Slain by a lemure (3 damage)
             ... led by Pikel
             ... on level 4 of the Dungeon.
             The game lasted 00:01:59 (920 turns).

KennySheep the Insei (Demigod Transmuter)            Turns: 920, Time: 00:02:00

Health: -1/22      AC:  2    Str: 11    XL:     2   Next: 54%
Magic:  6/7        EV: 12    Int: 15    God:
Gold:   73         SH:  0    Dex: 14    Spells: 1/4 levels left

rFire   . . .      SeeInvis .      - Unarmed
rCold   . . .      Faith    .    (no shield)
rNeg    . . .      Spirit   .    a - +0 robe
rPois   .          Reflect  .    (helmet currently unavailable)
rElec   .          Harm     .    (no cloak)
rCorr   .          Rampage  .    (no gloves)
Will    .....                    (boots currently unavailable)
Stlth   +.........               (no amulet)
HPRegen 0.23/turn                (no ring)
MPRegen 0.10/turn                (no ring)

@: appendages (expiring)
A: horns 2, talons 2, high MP 1, forlorn, divine attributes
a: End Transformation


You were on level 4 of the Dungeon.
You had temporarily grown beastly horns and talons.
You visited 1 branch of the dungeon, and saw 3 of its levels.

You collected 73 gold pieces.

Inventory:

Armour
 a - a +0 robe (worn)
Scrolls
 c - a scroll of silence {unknown}
 e - a scroll of vulnerability {unknown}
 f - a scroll of fear {unknown}
 g - a scroll of enchant weapon {unknown}
 h - a scroll of identify {unknown}
 i - a scroll of poison {unknown}
Potions
 b - 2 potions of lignification
 d - 3 potions of curing {unknown}


   Skills:
 - Level 0.8 Fighting
 - Level 1.7 Dodging
 - Level 2.6 Unarmed Combat
 - Level 1.7 Spellcasting
 + Level 2.4 Transmutations
 + Level 1.4 Poison Magic


You had one spell level left.
You knew the following spells:

 Your Spells              Type           Power      Damage    Failure   Level
a - Beastly Appendage     Tmut           16%        N/A       9%          1
b - Wereblood             Tmut           8%         N/A       13%         2

Your spell library contained the following spells:

 Spells                   Type           Power      Damage    Failure   Level
 Spider Form              Tmut/Pois      7%         N/A       30%         3
 Ice Form                 Ice/Tmut       5%         N/A       80%         4


Dungeon Overview and Level Annotations

Branches:
Dungeon (2/15)


Innate Abilities, Weirdness & Mutations

You have temporarily grown beastly horns and talons.
You have an increased reservoir of magic. (+10% MP)
You shall have no god before yourself.
Your divine heritage dramatically boosts your attributes as you level up.


Message History

Found a potion of lignification.
Found a ring mail.
You see here a potion of lignification.
b - 2 potions of lignification (gained 1)
There are no items here.
A giant cockroach comes into view.
Casting: Beastly Appendage (safe; 9% risk of failure)
Press: ? - help, Q - select action, (/) - cycle Dir - look around, f - activate You grow a pair of large bovine horns.
Your feet morph into talons.
The giant cockroach closely misses you.
You barely miss the giant cockroach.
The giant cockroach bites you but does no damage.
You closely miss the giant cockroach.
The giant cockroach bites you but does no damage.
You closely miss the giant cockroach. Your kick misses the giant cockroach.
You headbutt the giant cockroach.
The giant cockroach is moderately wounded.
The lemure hits you. The giant cockroach bites you.
You hit the giant cockroach.
The giant cockroach is almost dead.
The giant cockroach bites you. The lemure closely misses you.
You hit the giant cockroach.
You kill the giant cockroach!
The lemure misses you.
A gnoll comes into view. It is wielding a +0 spear.
You see here a giant cockroach corpse.
The lemure attacks as you move away! The lemure hits you!
A gnoll comes into view. It is wielding a +0 club.
Found a metallic yellow potion.
The gnoll shouts! x2; You hear a shout! x2
The gnoll moves out of view.
The lemure attacks as you move away! The lemure hits you.
A gnoll comes into view. It is wielding a +0 club.
Your transformation is almost over.
The gnoll shouts!
The gnoll hits you from afar with a +0 spear!
* * * LOW HITPOINT WARNING * * *
The lemure attacks as you move away! The lemure barely misses you.
The lemure attacks as you move away! The lemure hits you.
You die...

########..###
+.........# ##
###....##.# .##
#[...+.... ..
####5...#####.
###.###
#.......# #.
#.....#
#5####### #.
+.....# #...#
##
##...#@#####.#
........5.†.#.#
..#...gg###...#
#..#..g.# #####
.. ##!..# ###.#
#.. ###


You could see a lemure and 3 gnolls.

Vanquished Creatures
  2 endoplasms (D:1)
  2 giant cockroaches
  3 goblins (D:1)
  2 hobgoblins (D:1)
  2 kobolds (D:1)
  5 ball pythons (D:1)
  3 bats (D:1)
  A rat (D:1)
20 creatures vanquished.

Notes
Turn   | Place    | Note
-------+----------+-------------------------------------------
     0 | D:1      | KennySheep the Demigod Transmuter began the quest for the
                  | Orb.
     0 | D:1      | Reached XP level 1. HP: 15/15 MP: 5/5
   273 | D:1      | Reached skill level 1 in Poison Magic
   292 | D:1      | Reached XP level 2. HP: 22/22 MP: 5/7
   561 | D:1      | Learned a level 2 spell: Wereblood
   873 | D:2      | You fall into a shaft and drop 2 floors!
   874 | D:4      | Noticed a lemure
   920 | D:4      | Slain by a lemure

Illustrated notes

Levels and vault maps discovered:
D:1:      lemuel_arrival_river_bridge, layout_basic, serial_glass,
          glass_columns_b, glass_columns_a, glass_columns_a, glass_columns_a,
          glass_columns_b, glass_columns_b
D:2:      layout_loops_cross
D:4:      layout_basic, lemuel_doored_altar, amcnicky_altar_gilded,
          zin_statuary, minmay_temple_entry_proselytizer,
          amcnicky_altar_lugonu_corruption, uniq_eustachio, uniq_pikel

Skill      XL: |  1 |
---------------+----+-----
Transmutations | 2 |  2.4
Poison Magic   | 1 |  1.4
Fighting       | |  0.8
Dodging        | |  1.7
Unarmed Combat | |  2.6
Spellcasting   | |  1.7

Action                   || total
-------------------------++-------
Melee: Unarmed           ||    52
       Headbutt          ||     5
       Kick              ||     3
       Punch             ||     1
 Cast: Beastly Appendage ||     9
 Stab: Sleeping          ||     2
Armor: Robe              ||    12
Dodge: Dodged            ||    47

Table legend: (Time is in decaauts)
 A = Elapsed time spent in this place.
 B = Non-inter-level travel time spent in this place.
 C = Inter-level travel time spent in this place.
 D = Time resting spent in this place.
 E = Time spent auto-exploring this place.
 F = Levels seen in this place.
 G = Mean time per level.
                   A        B        C        D        E       F      G
               +--------+--------+--------+--------+--------+-----+--------+
         Total |    919 |    911 |      8 |     22 |    707 |   3 |  306.3 |
       Dungeon |    919 |    911 |      8 |     22 |    707 |   3 |  306.3 |
               +--------+--------+--------+--------+--------+-----+--------+

Top non-repeatable levels by time:
     D:1: 871 daAuts
     D:4: 46 daAuts
     D:2: 1 daAuts
